 BcadrenCrawl: Boulder Brew version 0.04-3-g5ec7fb31a4 (webtiles) character file.

Game seed: 7925657409513653661, levelgen mode: deterministic

224 Chiseanne the Ducker (level 6, -2/43 HPs) Goblin Demonspawn. Began on Mar 21, 2021. Killed from afar by an orc wizard (5 damage) ... with a puff of flame ... on level 3 of the Dungeon. The game lasted 00:04:06 (1874 turns).

Chiseanne the Ducker (Goblin Demonspawn)            Turns: 1874, Time: 00:04:06

Health: -2/43      AC:  5    Str:  8    XL:     6 ^: 199
Magic:  9/9        EV: 17    Int:  6    God:
Gold:   181        SH:  0    Dex:  6    Spells: 11/12 levels left

rFire    . . .     Vision   .   a - +0 long sword
rCold    . . .     Gourm    .   c - +0 mace
rNeg     . . .     Faith    .   b - +0 leather armour
rPois    .         Spirit   .   j - +0 helmet
rElec    .         Reflect  .   (no cloak)
rCorr    .         Harm     .   (no gloves)
MR       +....                  k - +0 pair of boots
Stlth    +.........             (no amulet)
HPRegen  0.24/turn              e - ring of protection from magic
MPRegen  0.19/turn              (no ring)

@: lethally poisoned (-2 -> -4), very slightly contaminated, hasted, very quick
A: small, stagnant stats, goblin's greed, hooves 1, repulsion field 1, low mp 1,
mutation resistance 1, god's pity 2
a: no special abilities


You were on level 3 of the Dungeon.
You were not hungry.

You visited 1 branch of the dungeon, and saw 3 of its levels.

You collected 150 gold pieces.

Inventory:

Weapons
 a - a +0 long sword (weapon)
 c - a +0 mace (weapon)
 w - a +0 hunting sling
Armour
 b - a +0 leather armour (worn)
 j - a +0 helmet (worn)
 k - a +0 pair of boots (worn)
Jewellery
 e - a ring of protection from magic (left hand)
Scrolls
 f - a scroll of fog
 h - 2 scrolls of teleportation
Potions
 i - a potion of curing
Comestibles
 d - 4 rations


   Skills:
 * Level 4.0 Fighting
 - Level 2.6 Long Blades
 * Level 5.6 Dodging
 - Level 2.6 Stealth
 * Level 3.7 Spellcasting
 - Level 2.6 Fire Magic
   Level 4.0 Invocations


You had 11 spell levels left.
You knew the following spells:

 Your Spells              Type           Power        Failure   Level  Hunger
a - Flame Tongue          Fire           4 (30)       14%         1    ##.....

Your spell library contained the following spells:

 Spells                   Type           Power        Failure   Level  Hunger
 Conjure Flame            Fire           4 (100)      38%         3    ####...
 Blink                    Tloc           N/A          52%         2    ###....
 Call Imp                 Summ           1 (100)      52%         2    ###....
 Slow                     Hex            1 (100)      52%         2    ###....
 Mephitic Cloud           Pois/Air       1 (100)      77%         3    ####...


Dungeon Overview and Level Annotations

Branches:
Dungeon (3/8)

Altars:

Annotations:
D:2 Eustachio


Innate Abilities, Weirdness & Mutations

Your stats never grow through leveling.
Your goblin ancestry allows you to find more gold. (+20%)
You are small and have problems with some larger weapons.
You have large cloven feet.
You are surrounded by a mild repulsion field. (EV +2)
Your magical capacity is low. (-10% MP)
You are somewhat resistant to further mutation.
The pity of the gods increases the power of your passive and invoked divine abilities.


Message History

You barely miss the adder. You hit the adder (2). The adder misses you (0).
The adder closely misses you (0).
You riposte.
You hit the adder (6). The adder completely misses you (0).
You barely miss the adder. You closely miss the adder. The adder bites you (2).
* * * LOW HITPOINT WARNING * * *
You are poisoned.
The adder poisons you (4). The adder bites you (1).
* * * LOW HITPOINT WARNING * * *
You are more poisoned.
The adder poisons you (6).
You barely miss the adder. You closely miss the adder.
* * * LOW HITPOINT WARNING * * *
You feel sick. (2)
The adder barely misses you (0).
You riposte.
You closely miss the adder. The adder barely misses you (0).
You closely miss the adder. You barely miss the adder.
The adder misses you (0). The orc wizard casts a spell at you.
The puff of flame hits you (5).
You die...

### #.######
###..#.#.##########
#..@oo.........##.##
###S...o........o§.#
#.......##...o.#%#
#............#..o....#
........#............)
#....................<.
....##.....#...........
###. #........##.......
# .......####.##....


You could see an orc warrior, an orc wizard, an adder and an orc.

Vanquished Creatures
  Blork the orc (D:2)
  A jelly (D:2)
  2 giant cockroaches
  7 cinder newts
  An ooze (D:1)
  3 dart slugs (D:1)
  A leopard gecko (D:1)
  4 goblins (D:1)
  5 hobgoblins (D:1)
  8 kobolds
  A ball python (D:1)
  5 bats (D:1)
  6 rats (D:1)
  A withered plant (D:2)
46 creatures vanquished.

Vanquished Creatures (others)
  2 slimeheads (D:2)
  38 withered plants (D:2)
40 creatures vanquished.

Grand Total: 86 creatures vanquished

Notes
Turn   | Place    | Note
-------+----------+-------------------------------------------
     0 | D:1      | Chiseanne the Goblin Demonspawn began the quest for the
                  | Orb.
     0 | D:1      | Reached XP level 1. HP: 13/13 MP: 2/2
   170 | D:1      | Gained mutation: You are surrounded by a mild repulsion
                  | field. (EV +2) [demonic ancestry]
   170 | D:1      | Reached XP level 2. HP: 18/19 MP: 3/3
   244 | D:1      | Reached XP level 3. HP: 20/24 MP: 4/4
   422 | D:1      | Gained mutation: You have large cloven feet. [demonic
                  | ancestry]
   422 | D:1      | Reached XP level 4. HP: 25/30 MP: 4/5
   910 | D:1      | Reached skill level 5 in Dodging
   969 | D:1      | Reached XP level 5. HP: 36/36 MP: 7/7
  1313 | D:2      | Noticed Blork the orc
  1334 | D:2      | Killed Blork the orc
  1551 | D:2      | Reached XP level 6. HP: 37/43 MP: 9/9
  1647 | D:2      | Noticed Eustachio
  1855 | D:3      | Noticed an orc warrior
  1874 | D:3      | Killed from afar by an orc wizard

Levels and vault maps discovered:
D:1:      dpeg_arrival_boxorama, layout_basic
D:2:      layout_sewer, first_ration, serial_shops, nicolae_shop_behind_doors,
          kennysheep_generic_room_3, uniq_jessica, uniq_pikel, uniq_terence,
          uniq_eustachio, uniq_duvessa, uniq_blork_the_orc
D:3:      layout_cave_pools

Skill      XL: |  1  2  3  4  5  6 |
---------------+-------------------+-----
Fighting       | 2 3 4 |  4.0
Spellcasting   | 2 3 |  3.7
Dodging        | 5 |  5.6
Long Blades    | |  2.6
Stealth        | |  2.6
Fire Magic     | |  2.6
Invocations    | |  4.0

Action                   |  1- 3 |  4- 6 || total
-------------------------+-------+-------++-------
Melee: Long sword        |    68 |    65 ||   133
       Dagger            |    59 |    23 ||    82
       Kick              |       |     1 ||     1
       Mace              |       |    22 ||    22
  Use: Potion            |       |     2 ||     2
       Scroll            |       |     1 ||     1
 Stab: Sleeping          |       |     2 ||     2
  Eat: Chunk             |       |     4 ||     4
Armor: Leather armour    |    20 |    13 ||    33
Dodge: Dodged            |   116 |    79 ||   195
       Rpst.: Long sword |    33 |    20 ||    53
